Map: Blueshift LE

Players

NaTerran

  • Race: Terran Terran
  • League: Grandmaster
  • Spawn Location: 1:00

Lambo - Winner!

  • Race: Zerg Zerg
  • League: Grandmaster
  • Spawn Location: 7:00

VOD

Have the link to the VOD?

Description

Time

  • Played on: Jan. 8, 2019, 2:40 p.m.
  • Length: 7:24
Show
View Real Time Build Order
Export as new Build Order

NaTerran Terran 

Build Orders: Gas First Reaper Expand, Liberator Opening 

Get SALT Encoding   

  12  0:01  SCV  
  13  0:13  SCV  
  14  0:17  Supply Depot  
  14  0:25  SCV  
  15  0:30  Refinery  
  15  0:39  SCV  
  16  0:44  Barracks  
  16  0:51  SCV  
  17  1:03  SCV  
  18  1:15  SCV  
  19  1:32  Reaper, Orbital Command  
  20  1:42  Command Center  
  20  1:53  Factory  
  20  1:57  SCV  
  21  2:04  Refinery  
  21  2:07  Barracks Reactor  
  21  2:10  SCV  
  21  2:14  Supply Depot  
  22  2:22  SCV  
  23  2:35  SCV  
  24  2:40  Starport  
  24  2:47  SCV  
  24  2:50  Hellion x2  
  29  2:51  Marine  
  29  2:56  Orbital Command  
  30  3:00  SCV  
  30  3:01  Liberator  
  31  3:12  SCV, Hellion x2  
  39  3:21  Marine  
  39  3:22  SCV  
  41  3:30  Supply Depot  
  43  3:35  SCV x2  
  43  3:40  Barracks Tech Lab  
  43  3:45  Hellion  
  43  3:47  SCV  
  46  3:51  SCV, Hellion  
  46  3:53  Supply Depot  
  49  3:59  Marine  
  49  4:00  Stimpack  
  49  4:01  SCV  
  51  4:03  SCV  
  52  4:14  SCV  
  52  4:15  SCV  
  54  4:17  Marine  
  54  4:20  Command Center  
  55  4:27  SCV x2  
  57  4:32  Supply Depot  
  57  4:39  SCV  
  57  4:40  Barracks x2, SCV, Starport Tech Lab  
  59  4:46  Marine  
  59  4:47  Factory Reactor  
  59  4:51  SCV  
  59  4:52  SCV  
  62  4:56  Engineering Bay x2  
  62  5:03  SCV  
  62  5:04  Marine, SCV  
  62  5:05  Starport Reactor  
  60  5:11  Refinery x2  
  60  5:15  SCV  
  60  5:16  SCV  
  62  5:22  Marine  
  62  5:23  Terran Infantry Armor Level 1, Terran Infantry Weapons Level 1  
  62  5:27  SCV  
  62  5:28  SCV  
  65  5:29  Marine  
  65  5:30  Marine  
  65  5:32  Orbital Command  
  67  5:35  Siege Tank  
  67  5:39  Marine x2  
  67  5:40  Marine  
  67  5:41  SCV  
  67  5:42  SCV  
  73  5:43  Supply Depot  
  73  5:45  Medivac  
  73  5:46  Medivac  
  77  5:51  Marine x2  
  77  5:54  SCV x2  
  77  5:57  Marine x2  
  81  5:59  Orbital Command  
  83  6:07  Marine  
  83  6:09  Marine, Supply Depot  
  83  6:11  Supply Depot  
  85  6:13  Marine  
  85  6:14  Marine  
  85  6:15  Factory Reactor  
  85  6:16  SCV x2  
  89  6:25  Barracks, SCV  
  90  6:27  Barracks  
  90  6:29  Marine x3  
  90  6:30  Factory  
  90  6:31  SCV  
  94  6:33  SCV  
  94  6:34  Supply Depot  
  94  6:37  Marine x2  
  97  6:41  Supply Depot  
  97  6:43  SCV x2  
  97  6:45  SCV  
  97  6:53  Marine x2  
  90  6:54  Marine x2  
  90  6:55  Marine, SCV  
  90  7:01  SCV  
  86  7:03  Armory  
  86  7:07  SCV x2  
Show
View Real Time Build Order
Export as new Build Order

Lambo Zerg - Winner!

Build Orders: Hatch First 

Get SALT Encoding   

  12  0:00  Drone  
  13  0:13  Overlord  
  13  0:17  Drone  
  14  0:31  Drone x2  
  16  0:48  Hatchery  
  15  0:50  Drone  
  15  0:54  Drone  
  17  0:57  Drone  
  18  1:07  Extractor  
  17  1:11  Spawning Pool  
  17  1:14  Drone  
  17  1:18  Drone  
  18  1:28  Drone  
  19  1:41  Drone  
  20  1:51  Overlord  
  20  1:59  Queen x2  
  20  2:00  Zergling x4  
  26  2:08  Metabolic Boost  
  26  2:11  Drone x2  
  28  2:21  Drone  
  28  2:22  Drone  
  30  2:36  Hatchery  
  29  2:38  Drone  
  30  2:46  Pneumatized Carapace  
  30  2:47  Drone  
  30  2:52  Drone  
  30  2:54  Overlord  
  31  2:58  Drone  
  31  2:59  Drone  
  33  3:08  Drone x2  
  35  3:17  Drone x2  
  35  3:18  Queen, Drone x2  
  41  3:26  Overlord  
  41  3:30  Queen  
  43  3:42  Baneling Nest  
  43  3:43  Zergling x2  
  43  3:44  Overlord  
  43  3:46  Zergling x8  
  47  3:50  Queen  
  47  3:53  Drone  
  47  3:54  Drone  
  51  3:59  Drone  
  51  4:00  Drone x2  
  54  4:05  Overlord  
  54  4:09  Overlord  
  54  4:17  Overlord  
  54  4:18  Drone x3  
  54  4:20  Drone  
  54  4:21  Drone  
  54  4:22  Spore Crawler  
  54  4:24  Queen  
  58  4:27  Drone x2  
  58  4:29  Drone  
  58  4:31  Drone  
  64  4:33  Overlord  
  64  4:37  Drone x2  
  66  4:43  Zergling x2  
  66  4:44  Drone x2  
  69  4:47  Drone  
  69  4:48  Overlord  
  69  4:50  Drone  
  71  4:53  Lair  
  71  4:57  Extractor, Drone x3  
  71  4:58  Extractor  
  72  5:00  Drone x2  
  72  5:03  Overlord  
  72  5:06  Drone  
  73  5:07  Overlord  
  73  5:09  Zergling x2  
  73  5:13  Overlord  
  74  5:14  Drone  
  74  5:18  Evolution Chamber  
  74  5:21  Drone  
  74  5:22  Evolution Chamber, Drone x3  
  74  5:26  Extractor, Drone  
  74  5:27  Extractor x2  
  75  5:29  Overlord  
  75  5:30  Drone  
  76  5:41  Drone x3  
  79  5:45  Hatchery, Drone x2  
  79  5:47  Drone  
  79  5:49  Drone x2  
  83  5:51  Drone  
  83  5:53  Drone  
  83  5:54  Drone x3  
  88  5:58  Centrifical Hooks  
  88  6:02  Overlord  
  88  6:07  Overlord, Hydralisk Den  
  87  6:12  Zergling x8  
  91  6:18  Zergling x2  
  91  6:19  Zergling x10  
  91  6:23  Zergling x8  
  101  6:26  Zergling x2  
  101  6:31  Zergling x4  
  104  6:35  Zergling x2  
  105  6:40  Zergling x6  
  105  6:42  Baneling x12  
  107  6:48  Zergling x2  
  107  6:49  Zergling x4  
  107  6:51  Baneling x7  
  110  6:55  Baneling  
  110  6:56  Zergling x16  
  113  7:01  Zergling x4  
  113  7:05  Zergling x4  
Tags
 
Add a new tag
Caveats
  • Supply blocks, unpowered buildings, or Contaminate may cause inaccurate times.
  • Supply counts are checked every 10 seconds.